 Dungeon Crawl Stone Soup version 0.27-a0-3-gcf006a40f5 (webtiles) character file.

Game seed: 2046772811473997237

64244 Shelvor the Geomancer (level 15, -1/92 HPs)
             Began as a Gargoyle Earth Elementalist on Dec 31, 2020.
             Was a High Priest of Vehumet.
             Slain by a yak (10 damage)
             ... on level 6 of the Lair of Beasts on Jan 1, 2021.
             The game lasted 01:02:48 (27066 turns).

Shelvor the Geomancer (GrEE)                       Turns: 27066, Time: 01:02:49

Health: -1/92      AC: 24    Str: 13    XL:     15   Next: 12%
Magic:  6/28       EV: 18    Int: 23    God:    Vehumet [*****.]
Gold:   634        SH:  0    Dex: 18    Spells: 13/33 levels left

rFire    + + +     SeeInvis .   f - +5 dire flail (freeze)
rCold    . . .     Faith    .   (shield currently unavailable)
rNeg     + + +     Spirit   .   u - +1 robe of the Wumpus {rF+++ rN++ Will-}
rPois    ∞         Reflect  .   C - +3 hat of Painted Mirth {rPois Will+ Int+4 Dex+2}
rElec    +         Harm     .   (no cloak)
rCorr    .         Rampage  .   (no gloves)
Will     +....     Clarity  +   B - +2 pair of boots
Stlth    +++.......             g - amulet of the acrobat
HPRegen  0.25/turn              m - +6 ring of dexterity
MPRegen  0.21/turn              r - ring of stealth

@: about to teleport
A: big wings, molten scales 2, clarity, dopey 1, negative energy resistance 1,
electricity resistance, unbreathing, petrification resistance, miasma immunity,
AC +11
a: Fly, Renounce Religion


You were on level 6 of the Lair of Beasts.
You worshipped Vehumet.
Vehumet was extremely pleased with you.
You visited 3 branches of the dungeon, and saw 21 of its levels.
You also visited: Gauntlet.

You collected 1221 gold pieces.
You spent 587 gold pieces at shops.

Inventory:

Hand Weapons
 f - a +5 dire flail of freezing (weapon)
Missiles
 b - 292 stones (quivered)
Armour
 s - a +2 robe of cold resistance
 u - the +1 robe of the Wumpus (worn) {rF+++ rN++ Will-}
   (You bought it in a shop on level 5 of the Dungeon)

   It renders you almost immune to fire.
   It greatly protects you from negative energy.
   It affects your willpower, your defense against some magical effects.
 y - a +0 troll leather armour
 B - a +2 pair of boots (worn)
 C - the +3 hat of Painted Mirth (worn) {rPois Will+ Int+4 Dex+2}
   (You found it in a Gauntlet)

   It affects your intelligence (+4).
   It affects your dexterity (+2).
   It protects you from poison.
   It affects your willpower, your defense against some magical effects.
 G - the +3 robe of Folly {Archmagi, Will-- Int+5}
   (You found it on level 12 of the Dungeon)

   It affects your intelligence (+5).
   It affects your willpower, your defense against some magical effects.
Magical Staves
 A - an uncursed staff of cold
Jewellery
 g - an amulet of the acrobat (around neck)
 m - a +6 ring of dexterity (left hand)
 r - a ring of stealth (right hand)
 I - an uncursed ring of ice
Wands
 a - a wand of polymorph (11)
 c - a wand of flame (46)
 h - a wand of iceblast (13)
 n - a wand of enslavement (7)
 t - a wand of random effects (65)
 E - a wand of digging (4)
 F - a wand of disintegration (9)
Scrolls
 d - 11 scrolls of remove curse
 e - 3 scrolls of magic mapping
 o - 6 scrolls of immolation
 q - 10 scrolls of teleportation
 v - 2 scrolls of amnesia
 w - 2 scrolls of blinking
 x - 3 scrolls of identify
 J - a scroll of enchant armour
Potions
 j - 3 potions of cancellation
 k - 3 potions of brilliance
 l - 2 potions of flight
 p - 2 potions of haste
 z - a potion of ambrosia
 H - 4 potions of curing
 L - a potion of magic
Miscellaneous
 D - a phial of floods (inert)
 K - a lightning rod (1/4)


   Skills:
 + Level 10.3 Fighting
 + Level 9.4 Maces & Flails
 - Level 6.0 Armour
 + Level 7.9 Dodging
 - Level 2.1 Stealth
 + Level 9.9 Spellcasting
 + Level 11.3 Conjurations
 - Level 0.7 Transmutations
 * Level 3.8 Fire Magic
 + Level 12.8 Earth Magic
 + Level 7.8 Evocations


You had 13 spell levels left.
You knew the following spells:

 Your Spells              Type           Power        Failure   Level
a - Sandblast             Erth           100%         1%          1
b - Stone Arrow           Conj/Erth      100%         1%          3
c - Lee's Rapid Deconstr  Erth           31%          1%          5
d - Iron Shot             Conj/Erth      30%          1%          6
e - Fireball              Conj/Fire      23%          1%          5

Your spell library contained the following spells:

 Spells                   Type           Power        Failure   Level
 Iskenderun's Battlesphe  Conj           59%          1%          5
 Foxfire                  Conj/Fire      100%         1%          1
 Passwall                 Tmut/Erth      35%          1%          2
 Conjure Flame            Conj/Fire      46%          1%          3
 Sticky Flame             Conj/Fire      46%          1%          4
 Inner Flame              Hex/Fire       20%          2%          3
 Petrify                  Tmut/Erth      42%          3%          4
 Animate Skeleton         Necr           22%          6%          1
 Pain                     Necr           44%          6%          1
 Vampiric Draining        Necr           5%           17%         3
 Animate Dead             Necr           5%           50%         4
 Agony                    Necr           11%          85%         5


Dungeon Overview and Level Annotations

Branches:
Dungeon (14/15)            Temple (1/1) D:4            Lair (6/6) D:8
  Swamp (0/4) Lair:2       Spider (0/4) Lair:2        Slime (0/5) Lair:5
    Orc (0/2) D:12         Vaults (0/5) D:13        Gauntlet (visited)

Altars:
Cheibriados
Elyvilon
Fedhas
Gozag
Makhleb
Nemelex Xobeh
Okawaru
Qazlal
Ru
Sif Muna
Trog
Vehumet
Wu Jian
Xom
Yredelemnul
Zin

Shops:
D:5 *   D:6 [   D:14 ?

Annotations:
Lair:1 exclusion: oklob plant
Lair:4 2 transporters, Qungiab's ghost, journeyman DsVM


Innate Abilities, Weirdness & Mutations

You are resistant to torment.
Your stone body is resilient. (AC +11)
You are immune to poison.
Your large and strong wings let you fly indefinitely.
You resist negative energy. (rN+)
You are resistant to electric shocks. (rElec)
You can survive without breathing.
You are immune to petrification.
You are immune to miasma.
You are mostly covered in molten scales. (AC +3)
You possess an exceptional clarity of mind.
You are dopey. (Int -2)


Message History

The yak gores you but does no damage. The yak completely misses you.
The yak gores you.
* * * LOW HITPOINT WARNING * * *
The yak barely misses you. The yak misses you.
Unknown command.
Unknown command.
You hit the yak but do no damage.
The yak is almost dead.
The yak misses you. x2; The yak barely misses you.
The yak gores you but does no damage. The yak closely misses you.
The yak misses you.
Unknown command.
You hit the yak. You freeze the yak.
The yak is almost dead.
The yak gores you but does no damage. The yak gores you.
* * * LOW HITPOINT WARNING * * *
The yak barely misses you. The yak gores you!
* * * LOW HITPOINT WARNING * * *
The yak gores you!
You die...

..............####....
.......$......).#
###..
.........$......##
#.##
P......$.......#.#
#### #..P...........##
# ##.....†.......####
#.#.Y....#....#..#
##YY..†#...P.###
#Y@YY#.....PP..#
.......YY##...#.....#
........P#####.#...##
.......### ##...P.#
....... ##.##w.#
....... ### ...#
......# ### ......


You could see 8 yaks.

Vanquished Creatures
  A sphinx (D:14)
  A tengu reaver (D:14)
  A minotaur (Gauntlet)
  An ettin (D:14)
  2 ogre magi (D:13)
  3 boulder beetles
  An ice dragon (Lair:6)
  4 vault guards (D:13)
  6 hydras
  2 centaur warriors
  6 two-headed ogres
  8 death yaks
  An unseen horror (D:14)
  Pikel (D:7)
  A deep elf mage (D:13)
  A wolf spider zombie (D:14)
  An orc knight (D:13)
  A shining eye (shapeshifter) (D:14)
  4 ugly things
  A cyclops (D:14)
  2 manticores (D:11)
  Joseph (D:7)
  A black mamba (Lair:4)
  3 elephants (Lair:6)
  10 cane toads
  4 gargoyles
  A rime drake (Lair:4)
  Maggie (D:10)
  8 komodo dragons
  2 kobold demonologists (D:12)
  4 trolls
  3 polar bears
  A harpy zombie (D:14)
  3 meliai (Gauntlet)
  Grinder (D:5)
  A hornet (D:11)
  17 blink frogs
  8 slime creatures
  A tarantella (shapeshifter) (D:14)
  Sigmund (D:4)
  3 redbacks (D:13)
  2 shadows
  29 yaks
  2 wraiths
  2 wyverns
  A basilisk (Lair:2)
  A human (D:13)
  A steam dragon (D:11)
  3 vampire mosquitoes (D:14)
  A chaos spawn (Gauntlet)
  A neqoxec (Gauntlet)
  Menkaure (D:5)
  11 water moccasins
  An acid dragon (D:14)
  2 soldier ants
  10 orc warriors
  4 ice beasts
  4 phantoms
  8 ogres
  2 black bears
  A necrophage (D:2)
  4 centaurs
  12 wolves
  A lemure (D:7)
  4 big kobolds
  14 bullfrogs
  Blork the orc (D:5)
  A wyvern skeleton (D:14)
  4 scorpions
  9 killer bees
  4 wights
  4 howler monkeys
  4 centaur zombies
  2 jellies
  A quasit (D:8)
  7 orc priests
  6 hounds
  4 centaur skeletons
  2 bullfrog skeletons (D:12)
  3 iguanas
  A worker ant (D:11)
  Ijyb (D:5)
  11 orc wizards
  7 hell rats (Lair:3)
  A hound skeleton (D:6)
  3 worker ant zombies
  20 adders
  A shadow imp (D:5)
  9 white imps
  4 ufetubi
  An ooze (D:6)
  An adder zombie (D:6)
  An adder skeleton (D:7)
  2 worms
  2 dart slugs
  7 leopard geckos
  48 orcs
  6 bats
  7 giant cockroaches
  7 goblins
  7 hobgoblins
  10 jackals
  13 kobolds
  5 quokkas
  8 ball pythons
  A ball python skeleton (D:4)
  2 frilled lizards (D:2)
  A giant cockroach zombie (D:6)
  A leopard gecko zombie (D:8)
  24 rats
509 creatures vanquished.

Vanquished Creatures (others)
  9 fungi
  33 plants
42 creatures vanquished.

Grand Total: 551 creatures vanquished

Notes
Turn   | Place    | Note
-------+----------+-------------------------------------------
     0 | D:1      | Shelvor the Gargoyle Earth Elementalist began the quest for
                  | the Orb.
     0 | D:1      | Reached XP level 1. HP: 10/10 MP: 3/3
   152 | D:1      | Reached XP level 2. HP: 15/15 MP: 5/5
   205 | D:1      | Reached skill level 4 in Earth Magic
  1262 | D:2      | Reached XP level 3. HP: 19/19 MP: 0/6
  1266 | D:2      | Learned a level 3 spell: Stone Arrow
  1643 | D:2      | Reached skill level 1 in Conjurations
  1897 | D:2      | Reached XP level 4. HP: 24/24 MP: 8/8
  2290 | D:2      | Noticed a necrophage
  2296 | D:2      | Killed a necrophage
  2297 | D:2      | Reached skill level 5 in Earth Magic
  2297 | D:2      | Reached XP level 5. HP: 28/28 MP: 4/10
  2303 | D:2      | Learned a level 5 spell: Lee's Rapid Deconstruction
  3445 | D:3      | Reached XP level 6. HP: 13/32 MP: 8/11
  4218 | D:4      | Reached skill level 6 in Earth Magic
  4380 | D:4      | Noticed a phantom
  4391 | D:4      | Killed a phantom
  4392 | D:4      | Reached XP level 7. HP: 34/36 MP: 6/13
  5089 | D:4      | Found a stormy altar of Qazlal.
  5089 | D:4      | Noticed a fire elemental
  5092 | D:4      | Noticed an air elemental
  5140 | D:4      | Noticed a water elemental
  5232 | D:4      | Found a staircase to the Ecumenical Temple.
  5241 | Temple   | Entered the Ecumenical Temple
  5346 | Temple   | Became a worshipper of Vehumet
  5381 | D:4      | Noticed Sigmund
  5417 | D:4      | Killed Sigmund
  5418 | D:4      | Reached skill level 5 in Spellcasting
  5418 | D:4      | Reached skill level 5 in Conjurations
  5418 | D:4      | Reached skill level 7 in Earth Magic
  5418 | D:4      | Reached XP level 8. HP: 22/41 MP: 7/15
  5767 | D:5      | Entered Level 5 of the Dungeon
  5846 | D:5      | Noticed Grinder
  5859 | D:5      | Found a burning altar of Makhleb.
  5893 | D:5      | Paralysed by Grinder for 5 turns
  5901 | D:5      | Killed Grinder
  5902 | D:5      | Reached skill level 1 in Fighting
  5902 | D:5      | Reached skill level 1 in Maces & Flails
  5902 | D:5      | Reached skill level 1 in Armour
  6432 | D:5      | Noticed Blork the orc
  6438 | D:5      | Killed Blork the orc
  6439 | D:5      | Noticed Menkaure
  6444 | D:5      | Killed Menkaure
  6594 | D:5      | Noticed Ijyb
  6601 | D:5      | Killed Ijyb
  6698 | D:5      | Found Hymuuw's Assorted Antiques.
  6705 | D:5      | Bought a curved iron wand for 96 gold pieces
  6705 | D:5      | Bought an ominously black robe for 136 gold pieces
  6715 | D:5      | Identified the +1 robe of the Wumpus {rF+++ rN++ Will-}
                  | (You bought it in a shop on level 5 of the Dungeon)
  6942 | D:6      | Found Roixiruc's Armour Emporium.
  7112 | D:6      | Reached XP level 9. HP: 10/49 MP: 1/17
  7379 | D:6      | Reached skill level 8 in Earth Magic
  7968 | D:6      | Found an opulent altar of Gozag.
  8215 | D:7      | Noticed Pikel
  8283 | D:7      | Killed Pikel
  8763 | D:7      | Noticed Joseph
  8775 | D:7      | Killed Joseph
  8776 | D:7      | Reached skill level 1 in Evocations
  8776 | D:7      | Reached XP level 10. HP: 56/56 MP: 10/19
  9278 | D:8      | Noticed a death yak
  9319 | D:9      | Reached * piety under Vehumet
  9319 | D:9      | Offered knowledge of Foxfire by Vehumet.
  9561 | D:9      | Reached skill level 9 in Earth Magic
 10176 | D:9      | Reached ** piety under Vehumet
 10176 | D:9      | Offered knowledge of Searing Ray by Vehumet.
 10705 | D:10     | Entered Level 10 of the Dungeon
 11101 | D:10     | Noticed a two-headed ogre
 11114 | D:10     | Killed a two-headed ogre
 11115 | D:10     | Reached skill level 5 in Fighting
 11115 | D:10     | Reached skill level 5 in Armour
 11246 | D:10     | Noticed Maggie
 11263 | D:10     | Killed Maggie
 11810 | D:11     | Noticed a two-headed ogre
 11815 | D:11     | Killed a two-headed ogre
 11816 | D:11     | Reached skill level 5 in Maces & Flails
 11816 | D:11     | Reached XP level 11. HP: 64/64 MP: 18/21
 11817 | D:11     | Gained mutation: You are partially covered in molten
                  | scales. (AC +2) [potion of mutation]
 11817 | D:11     | Gained mutation: You are mostly covered in molten scales.
                  | (AC +3) [potion of mutation]
 11817 | D:11     | Gained mutation: Scrolls take you a little longer to read.
                  | [potion of mutation]
 11817 | D:11     | Gained mutation: Your spells are a little harder to cast,
                  | but a little more powerful. [potion of mutation]
 12048 | D:11     | Noticed a manticore
 12055 | D:11     | Killed a manticore
 12282 | D:11     | Noticed a manticore
 12295 | D:11     | Killed a manticore
 12512 | D:11     | Noticed a boulder beetle
 12537 | D:11     | Offered knowledge of Inner Flame by Vehumet.
 12559 | D:11     | Noticed a two-headed ogre
 12563 | D:11     | Killed a two-headed ogre
 12868 | D:11     | Noticed a white ugly thing
 12876 | D:11     | Killed a white ugly thing
 12877 | D:11     | Reached skill level 5 in Dodging
 12877 | D:11     | Reached skill level 10 in Earth Magic
 12947 | D:11     | Reached *** piety under Vehumet
 13070 | D:12     | Found a gate leading to a gauntlet.
 13074 | D:12     | Noticed a cyan ugly thing
 13079 | Gauntlet | Entered a Gauntlet
 13079 | Gauntlet | Found a transporter.
 13087 | Gauntlet | Found a transporter.
 13088 | Gauntlet | Found a transporter.
 13092 | Gauntlet | Noticed a sixfirhy
 13099 | Gauntlet | Found a transporter.
 13102 | Gauntlet | Found a transporter.
 13103 | Gauntlet | Found a runed translucent door.
 13104 | Gauntlet | Found a runed translucent door.
 13107 | Gauntlet | Found a transporter.
 13120 | Gauntlet | Found a runed translucent door.
 13124 | Gauntlet | Found a transporter.
 13133 | Gauntlet | Found a transporter.
 13143 | Gauntlet | Found a transporter.
 13143 | Gauntlet | Noticed a wizard
 13143 | Gauntlet | Noticed a wizard
 13157 | Gauntlet | Found a transporter.
 13166 | Gauntlet | Noticed a moth of wrath
 13167 | Gauntlet | Found a transporter.
 13167 | Gauntlet | Found a transporter.
 13211 | Gauntlet | Noticed a wretched star
 13221 | Gauntlet | Found a transporter.
 13224 | Gauntlet | Found a transporter.
 13633 | Gauntlet | Got a faintly humming hat
 13643 | Gauntlet | Identified the +1 hat "Opnycen" {Dex+5} (You found it in a
                  | Gauntlet)
 13710 | Gauntlet | Noticed a minotaur
 13714 | Gauntlet | Killed a minotaur
 13841 | Gauntlet | Got a slimy hat
 13866 | Gauntlet | Identified the +3 hat of Painted Mirth {rPois Will+ Int+4
                  | Dex+2} (You found it in a Gauntlet)
 14065 | D:12     | Reached XP level 12. HP: 71/71 MP: 11/23
 14237 | D:12     | Offered knowledge of Olgreb's Toxic Radiance by Vehumet.
 14258 | D:12     | Found a staircase to the Orcish Mines.
 14276 | D:12     | Noticed a two-headed ogre
 14298 | D:12     | Killed a two-headed ogre
 14623 | D:12     | Reached **** piety under Vehumet
 14624 | D:12     | Noticed a centaur warrior
 14632 | D:12     | Killed a centaur warrior
 14785 | D:12     | Found the +3 robe of Folly {Archmagi, Will-- Int+5}
 14927 | D:12     | Reached skill level 5 in Evocations
 14928 | D:12     | Offered knowledge of Frozen Ramparts by Vehumet.
 15432 | D:13     | Noticed a two-headed ogre
 15436 | D:13     | Killed a two-headed ogre
 15448 | D:13     | Noticed a vault guard
 15467 | D:13     | Noticed a vault guard
 15469 | D:13     | Killed a vault guard
 15470 | D:13     | Reached skill level 11 in Earth Magic
 15741 | D:13     | Noticed a vault guard
 16151 | D:13     | Killed a vault guard
 16194 | D:13     | Noticed an ogre mage
 16195 | D:13     | Noticed a vault guard
 16196 | D:13     | Killed an ogre mage
 16197 | D:13     | Killed an ogre mage
 16198 | D:13     | Reached XP level 13. HP: 78/78 MP: 14/25
 16246 | D:13     | Killed a vault guard
 16250 | D:13     | Killed a vault guard
 17110 | D:13     | Found a gate to the Vaults.
 17955 | D:14     | Reached skill level 10 in Conjurations
 17962 | D:14     | Noticed a sphinx
 18160 | D:14     | Paralysed by a sphinx for 2 turns
 18164 | D:14     | Killed a sphinx
 18198 | D:14     | Reached ***** piety under Vehumet
 18517 | D:14     | Found Notanil's Magic Scroll Boutique.
 18566 | D:14     | Bought a scroll of teleportation for 51 gold pieces
 18566 | D:14     | Bought a scroll of blinking for 127 gold pieces
 18566 | D:14     | Bought a scroll of magic mapping for 59 gold pieces
 18566 | D:14     | Bought a scroll of magic mapping for 59 gold pieces
 18566 | D:14     | Bought a scroll of immolation for 59 gold pieces
 18866 | D:14     | Noticed an ettin
 18871 | D:14     | Killed an ettin
 18957 | D:14     | Got a translucent turquoise ring
 18959 | D:14     | Identified the ring of Jechofo {rElec rCorr Str+3 Slay-6}
                  | (You found it on level 14 of the Dungeon)
 18979 | D:14     | Noticed a tengu reaver
 18995 | D:14     | Killed a tengu reaver
 19857 | D:8      | Offered knowledge of Spellforged Servitor by Vehumet.
 19867 | D:8      | Reached skill level 12 in Earth Magic
 19875 | D:8      | Gained mutation: Your large and strong wings let you fly
                  | indefinitely. [Gargoyle growth]
 19875 | D:8      | Reached XP level 14. HP: 86/86 MP: 10/27
 20138 | D:8      | Found a staircase to the Lair.
 20666 | Lair:1   | Entered Level 1 of the Lair of Beasts
 21797 | Lair:2   | Found a staircase to the Swamp.
 21821 | Lair:2   | Found a hole to the Spider Nest.
 23231 | Lair:3   | Offered knowledge of Iron Shot by Vehumet.
 23245 | Lair:3   | Learned a level 6 spell: Iron Shot
 24000 | Lair:4   | Noticed Qungiab's ghost (journeyman DsVM)
 24019 | Lair:4   | Found a transporter.
 24029 | Lair:4   | Found a transporter.
 24049 | Lair:4   | Learned a level 5 spell: Fireball
 24076 | Lair:4   | Lost mutation: Your spells are a little harder to cast, but
                  | a little more powerful. [potion of mutation]
 24076 | Lair:4   | Lost mutation: Scrolls take you a little longer to read.
                  | [potion of mutation]
 24076 | Lair:4   | Gained mutation: You are dopey. (Int -2) [potion of
                  | mutation]
 24076 | Lair:4   | Gained mutation: You possess an exceptional clarity of
                  | mind. [potion of mutation]
 24447 | Lair:4   | Reached skill level 10 in Fighting
 24470 | Lair:4   | Reached skill level 1 in Fire Magic
 25682 | Lair:5   | Found a staircase to the Slime Pits.
 25998 | Lair:6   | Entered Level 6 of the Lair of Beasts
 26068 | Lair:6   | Upgraded the game from 0.26-a0-1222-g14533b3512 to
                  | 0.27-a0-3-gcf006a40f5
 26864 | Lair:6   | Reached XP level 15. HP: 92/92 MP: 23/28
 26867 | Lair:6   | Offered knowledge of Iskenderun's Battlesphere by Vehumet.
 27066 | Lair:6   | Slain by a yak

Illustrated notes

Levels and vault maps discovered:
D:1:      minmay_arrival_shoal_huts, layout_loops_ring, hangedman_decor_riveting
D:2:      layout_basic, chequers_serial_rivers_micro_b, minmay_rat_hole
D:3:      layout_loops_cross, minmay_snake_closets
D:4:      layout_rooms, minmay_temple_entry_junction_2,
          nicolae_qazlal_style_of_elements, uniq_sigmund
D:5:      layout_loops_ring, bloody_makhleb, serial_shops,
          nicolae_shop_overgrown_old_shop, uniq_grinder, uniq_blork_the_orc,
          uniq_ijyb, uniq_menkaure
D:6:      layout_basic, serial_shops, nicolae_shop_statue_plus, basic_altar,
          minmay_chambers_of_fives
D:7:      layout_loops_ring, uniq_joseph, uniq_pikel
D:8:      layout_loops_cross, dpeg_lair_monsters
D:9:      layout_irregular_city
D:10:     layout_basic, uniq_maggie
D:11:     layout_roguey
D:12:     layout_cross, david_orc_2, gauntlet_entry_generic,
          minmay_pinched_square
D:13:     layout_gridville, grunt_vaults_entry_fortified
D:14:     layout_roguey, skrybe_limestone_x, serial_shops, shop,
          minmay_diamond_spiral
Temple:   kilobyte_greek_temple
Lair:1:   layout_cave_shapes, grunt_megastairs_4, lemuel_fruit_fields,
          infiniplex_staircase_pool_2, lemuel_fruit_tree,
          minmay_lair_oklob_chamber
Lair:2:   wad_woods_structure_01, layout_big_grid, swamp_mist,
          dummy_spider_entry
Lair:3:   layout_loops_ring
Lair:4:   layout_long_grid, gammafunk_ghost_arena
Lair:5:   layout_regular_city, slime_dummy, minivault_27
Lair:6:   wormcave, layout_hall_layers, minivault_27, bobbens_ice_dragon_lair,
          lemuel_fruit_fields

Skill      XL: |  1  2  3  4  5  6  7  8  9 10 11 12 13 14 |
---------------+-------------------------------------------+-----
Earth Magic    | 4 5 6 7 8 9 10 11 12 | 12.8
Conjurations   | 1 2 3 5 6 7 8 9 10 11 | 11.3
Spellcasting   | 3 4 5 6 7 8 9 |  9.9
Fighting       | 2 4 5 6 8 9 10 | 10.3
Maces & Flails | 2 3 5 6 7 8 9 |  9.4
Armour         | 2 4 5 6 |  6.0
Dodging        | 2 3 4 5 6 7 |  7.9
Evocations     | 1 3 4 5 6 7 |  7.8
Fire Magic     | 3 |  3.8
Stealth        | |  2.1
Transmutations | |  0.7

Action                   |  1- 3 |  4- 6 |  7- 9 | 10-12 | 13-15 || total
-------------------------+-------+-------+-------+-------+-------++-------
Melee: Club              |    77 |       |       |       |       ||    77
       Mace              |    17 |   174 |   208 |    83 |       ||   482
       Unarmed           |       |       |     3 |       |       ||     3
       Dire flail        |       |       |       |   149 |   701 ||   850
 Cast: Sandblast         |    31 |    35 |    79 |   168 |   121 ||   434
       Lee's Rapid Decon |       |       |     7 |    61 |    43 ||   111
       Stone Arrow       |       |       |     6 |    12 |    41 ||    59
       Iron Shot         |       |       |       |       |    23 ||    23
       Fireball          |       |       |       |       |     4 ||     4
Evoke: Wand              |       |       |     9 |     1 |     4 ||    14
       Phial of floods   |       |       |       |       |     2 ||     2
       Lightning rod     |       |       |       |       |     4 ||     4
  Use: Scroll            |       |     8 |     9 |     7 |    11 ||    35
       Potion            |       |       |     4 |     2 |     6 ||    12
 Stab: Sleeping          |     6 |    10 |     4 |     4 |    13 ||    37
       Distracted        |       |       |       |     1 |       ||     1
Armor: Robe              |    48 |   103 |   123 |   172 |   286 ||   732
Dodge: Dodged            |    89 |   161 |   178 |   312 |   615 ||  1355

Table legend: (Time is in decaauts)
 A = Elapsed time spent in this place.
 B = Non-inter-level travel time spent in this place.
 C = Inter-level travel time spent in this place.
 D = Time resting spent in this place.
 E = Time spent auto-exploring this place.
 F = Levels seen in this place.
 G = Mean time per level.
                   A        B        C        D        E       F      G
               +--------+--------+--------+--------+--------+-----+--------+
         Total |  27151 |  26088 |   1063 |   5277 |  15851 |  22 | 1234.1 |
       Dungeon |  19881 |  19250 |    631 |   4039 |  11588 |  14 | 1420.1 |
        Temple |    137 |    105 |     32 |      0 |    101 |   1 |  137.0 |
          Lair |   6342 |   5942 |    400 |    848 |   3951 |   6 | 1057.0 |
      Gauntlet |    789 |    789 |      0 |    390 |    210 |   1 |  789.0 |
               +--------+--------+--------+--------+--------+-----+--------+

Top non-repeatable levels by time:
    D:13: 2629 daAuts
     D:3: 1869 daAuts
    D:11: 1668 daAuts
    D:14: 1606 daAuts
     D:9: 1473 daAuts
     D:2: 1372 daAuts
     D:1: 1271 daAuts
     D:4: 1266 daAuts
  Lair:2: 1262 daAuts
     D:6: 1230 daAuts
  Lair:4: 1207 daAuts
    D:12: 1196 daAuts
     D:5: 1170 daAuts
  Lair:5: 1165 daAuts
    D:10: 1085 daAuts
